 Dungeon Crawl Stone Soup version 0.28.0-53-g5a82cb258f (webtiles) character file.

Game seed: 12016986165783825350

970 Sin92 the Skirmisher (level 7, 0/55 HPs)
             Began as a Demonspawn Fighter on June 5, 2022.
             Was a Believer of Okawaru.
             Slain by an adder (2 damage)
             ... on level 5 of the Dungeon.
             The game lasted 00:08:21 (5753 turns).

Sin92 the Skirmisher (Demonspawn Fighter)           Turns: 5753, Time: 00:08:22

Health: 0/55       AC:  6    Str: 16    XL:     7   Next: 94%
Magic:  10/10      EV: 11    Int: 10    God:    Okawaru [**....]
Gold:   258        SH:  5    Dex: 14    Spells: 6/6 levels left

rFire   . . .      SeeInvis .   a - +1 long sword
rCold   + . .      Faith    .   c - +0 buckler
rNeg    . . .      Spirit   .   b - +0 scale mail
rPois   .          Reflect  .   (no helmet)
rElec   .          Harm     .   d - +1 cloak
rCorr   .          Rampage  .   (no gloves)
Will    .....                   (no boots)
Stlth   ..........              (no amulet)
HPRegen 0.18/turn               (no ring)
MPRegen 0.12/turn               (no ring)

@: no status effects
A: claws 1, sturdy frame 1, condensation shield, demonic magic 1, cold
resistance 1, deformed body
a: Renounce Religion, Heroism


You were on level 5 of the Dungeon.
You worshipped Okawaru.
Okawaru was pleased with you.
You visited 1 branch of the dungeon, and saw 5 of its levels.

You collected 258 gold pieces.

Inventory:

Hand Weapons
 a - a +1 long sword (weapon)
Armour
 b - a +0 scale mail (worn)
 c - a +0 buckler (worn)
 d - a +1 cloak (worn)
Jewellery
 f - an amulet of magic regeneration
Wands
 l - a wand of iceblast (14)
 n - a wand of polymorph (6)
Scrolls
 h - 2 scrolls of teleportation
 i - a scroll of identify
 j - a scroll of noise
Potions
 e - 2 potions of flight
 g - 2 potions of ambrosia
 k - 2 potions of curing


   Skills:
 + Level 4.8 Fighting
 + Level 3.7 Long Blades
 + Level 4.3 Armour
 + Level 3.0 Dodging
 + Level 4.5 Shields
 + Level 4.1 Invocations


You had 6 spell levels left.
You didn't know any spells.
Your spell library contained the following spells:

 Spells                   Type           Power      Damage    Failure   Level
 Sandblast                Erth           0%         2d4       71%         1
 Ensorcelled Hibernation  Hex/Ice        0%         N/A       85%         2
 Passwall                 Tmut/Erth      0%         N/A       85%         2
 Stone Arrow              Conj/Erth      0%         3d7       97%         3
 Swiftness                Air            0%         N/A       97%         3
 Anguish                  Hex/Necr       0%         N/A       100%        4
 Agony                    Necr           0%         N/A       100%        5
 Manifold Assault         Tloc           0%         N/A       100%        5
 Eringya's Noxious Bog    Tmut/Pois      0%         N/A       100%        6
 Animate Dead             Necr           Unusable   N/A       N/A         4

Dungeon Overview and Level Annotations

Branches:
Dungeon (5/15)
 Temple: D:4-7

Altars:
Dithmenos
Okawaru
Xom

Annotations:
D:3 2 transporters, DemonSlayer's ghost, amateur DsFE


Innate Abilities, Weirdness & Mutations

You have sharp fingernails.
Your movements are slightly less encumbered by armour. (ER -2)
A meltable shield of frost defends you. (SH +0)
Spells you cast may paralyse adjacent enemies.
Your flesh is cold resistant. (rC+)
Armour fits poorly on your strangely shaped body.


Message History

You feel like a meek peon again.
You hit the adder.
The adder is lightly wounded.
The adder closely misses you.
You closely miss the adder.
The adder is lightly wounded.
The adder misses you. The adder barely misses you.
You miss the adder.
The adder is lightly wounded.
You block the adder's attack.
You closely miss the adder.
The adder is lightly wounded.
The adder bites you.
* * * LOW HITPOINT WARNING * * *
You are poisoned.
The adder poisons you! The adder closely misses you.
You hit the adder.
The adder is moderately wounded.
You feel sick. The adder closely misses you. x2
You miss the adder.
The adder is moderately wounded.
You feel sick. The adder barely misses you. The adder bites you.
* * * LOW HITPOINT WARNING * * *
You hit the adder.
The adder is severely wounded.
You feel sick.
You are no longer poisoned.
The adder bites you but does no damage.
Unknown command.
You hit the adder but do no damage.
The adder is severely wounded.
You block the adder's attack. The adder barely misses you.
You hit the adder but do no damage.
The adder is severely wounded.
The adder bites you.
* * * LOW HITPOINT WARNING * * *
You barely miss the adder.
The adder is severely wounded.
The adder bites you.
You die...

#.# #...##.# # #.#
###.##.# #.# #.##.#
#.# #.##.#
#.#####.##.#
#..........### ..
#######......###....
#######........
.......@#.#....
#######S..# ..
#...... #........
#.####### #.. #..
#.#


You could see an adder.

Vanquished Creatures
  Pikel (D:5)
  Edmund (D:4)
  A water moccasin (D:5)
  Crazy Yiuf (D:4)
  A gnoll shaman (D:4)
  3 hound skeletons (D:4)
  A gnoll (D:4)
  7 adders
  2 adder skeletons (D:4)
  3 worms
  3 dart slugs
  2 orcs (D:3)
  3 bats
  10 endoplasms
  5 giant cockroaches
  11 goblins
  6 hobgoblins
  3 jackals (D:4)
  10 kobolds
  5 quokkas (D:1)
  12 ball pythons
  5 frilled lizards
  6 rats
102 creatures vanquished.

Notes
Turn   | Place    | Note
-------+----------+-------------------------------------------
     0 | D:1      | Sin92 the Demonspawn Fighter began the quest for the Orb.
     0 | D:1      | Reached XP level 1. HP: 18/18 MP: 1/1
    27 | D:1      | Got the Tome of the Bruised Nightmares
   291 | D:1      | Gained mutation: Your movements are slightly less
                  | encumbered by armour. (ER -2) [demonic ancestry]
   291 | D:1      | Reached XP level 2. HP: 22/24 MP: 2/2
   686 | D:1      | Gained mutation: A meltable shield of frost defends you.
                  | (SH +0) [demonic ancestry]
   686 | D:1      | Reached XP level 3. HP: 27/29 MP: 3/3
   863 | D:2      | Reached skill level 1 in Dodging
   909 | D:2      | Found an iron altar of Okawaru.
   927 | D:2      | Became a worshipper of Warmaster Okawaru
  1404 | D:2      | Reached XP level 4. HP: 30/35 MP: 4/4
  1596 | D:3      | Found a transporter.
  1596 | D:3      | Noticed DemonSlayer's ghost (amateur DsFE)
  1859 | D:3      | Reached skill level 1 in Invocations
  2076 | D:3      | Found a transporter.
  2327 | D:3      | Gained mutation: Armour fits poorly on your strangely
                  | shaped body. [potion of mutation]
  2327 | D:3      | Gained mutation: Your flesh is cold resistant. (rC+)
                  | [potion of mutation]
  2509 | D:3      | Got the Guide on Quantum Beguiling
  2860 | D:3      | Found a shimmering altar of Xom.
  3031 | D:4      | Noticed Edmund
  3039 | D:4      | Killed Edmund
  3039 | D:4      | Reached * piety under Okawaru
  3040 | D:4      | Reached XP level 5. HP: 30/42 MP: 4/6
  3226 | D:4      | Gained mutation: Spells you cast may paralyse adjacent
                  | enemies. [demonic ancestry]
  3226 | D:4      | Reached XP level 6. HP: 31/48 MP: 7/7
  4206 | D:4      | Found a runed translucent door.
  4207 | D:4      | Noticed Crazy Yiuf
  4721 | D:4      | Killed Crazy Yiuf
  4965 | D:5      | Entered Level 5 of the Dungeon
  5410 | D:5      | Found a shadowy altar of Dithmenos.
  5436 | D:5      | Noticed a water moccasin
  5448 | D:5      | Killed a water moccasin
  5449 | D:5      | Gained mutation: You have sharp fingernails. [demonic
                  | ancestry]
  5449 | D:5      | Reached XP level 7. HP: 36/54 MP: 7/9
  5696 | D:5      | Noticed Pikel
  5731 | D:5      | Killed Pikel
  5731 | D:5      | Reached ** piety under Okawaru
  5752 | D:5      | HP: 2/55 [adder (3)]
  5753 | D:5      | Slain by an adder

Illustrated notes

Levels and vault maps discovered:
D:1:      lordsloth_arrival_two_stooges, layout_rooms, minmay_pentomino_r4
D:2:      layout_rooms, basic_altar
D:3:      layout_loops_ring, xom_teletrap_fun, gammafunk_ghost_arena,
          minmay_crystal_water, st_stairs_7, minmay_starry_boxes
D:4:      layout_layer_cave, uniq_edmund, uniq_crazy_yiuf_cottage
D:5:      layout_loops_ring, nicolae_dithmenos_shadow_blocks, serial_shops,
          shop, uniq_pikel

Skill      XL: |  1  2  3  4  5  6  7 |
---------------+----------------------+-----
Long Blades    | 2 3 |  3.7
Armour         | 3 4 |  4.3
Dodging        | 1 2 3 |  3.0
Shields        | 3 4 |  4.5
Invocations    | 2 3 4 |  4.1
Fighting       | 4 |  4.8

Action                   |  1- 3 |  4- 6 |  7- 9 || total
-------------------------+-------+-------+-------++-------
Melee: Long sword        |   126 |   228 |    33 ||   387
       Unarmed           |       |     6 |       ||     6
Invok: Heroism           |       |       |     1 ||     1
  Use: Scroll            |     2 |    11 |     2 ||    15
       Potion            |       |     6 |       ||     6
Armor: Scale mail        |    64 |    65 |     3 ||   132
Dodge: Dodged            |    72 |   114 |    19 ||   205
Block: Buckler           |    49 |   124 |     3 ||   176
